Map: Arctic Dream LE

Players

qqq - Winner!

  • Race: Protoss Protoss
  • Spawn Location: 5:00

Massa - Winner!

  • Race: Terran Terran
  • Spawn Location: 6:00

wanou

  • Race: Protoss Protoss
  • Spawn Location: 11:00

borghur

  • Race: Protoss Protoss
  • League: Platinum
  • Spawn Location: 12:00

VOD

Have the link to the VOD?

Description

Time

  • Played on: June 11, 2020, 11:21 a.m.
  • Length: 8:54
Show
View Real Time Build Order
Export as new Build Order

qqq Protoss - Winner!

Build Orders:  

Get SALT Encoding   

  12  0:03  Probe  
  13  0:18  Pylon  
  13  0:27  Probe  
  14  0:37  Gateway  
  14  0:43  Pylon  
  14  0:47  Probe  
  15  0:59  Probe  
  16  1:17  Zealot  
  18  1:33  Forge  
  18  1:35  Pylon  
  18  1:43  Zealot  
  20  1:47  Cybernetics Core  
  20  2:00  Probe  
  21  2:07  Photon Cannon  
  19  2:21  Photon Cannon  
  17  2:32  Photon Cannon  
  17  2:39  Assimilator  
  17  2:49  Nexus  
  17  2:52  Probe  
  17  2:57  Assimilator  
  18  3:04  Probe  
  19  3:15  Photon Cannon  
  19  3:16  Probe  
  20  3:28  Probe  
  21  3:38  Stalker  
  21  3:40  Probe  
  24  3:53  Probe  
  22  4:13  Probe  
  21  4:23  Stalker  
  21  4:25  Probe  
  21  4:28  Photon Cannon  
  22  4:35  Stargate  
  22  4:46  Probe  
  22  4:52  Probe  
  24  4:58  Probe  
  25  5:03  Stargate  
  25  5:09  Probe  
  25  5:10  Probe  
  27  5:21  Probe  
  28  5:22  Probe, Phoenix  
  31  5:43  Phoenix  
  33  5:59  Phoenix  
  33  6:02  Phoenix  
  35  6:05  Probe  
  38  6:13  Probe  
  39  6:22  Probe  
  39  6:24  Phoenix  
  42  6:32  Phoenix  
  44  6:34  Probe  
  41  6:54  Phoenix  
  43  7:15  Phoenix  
  45  7:21  Probe  
  45  7:28  Assimilator  
  46  7:33  Assimilator  
  46  7:39  Pylon  
  46  7:41  Pylon  
  46  7:42  Pylon  
  46  7:57  Probe, Phoenix x2  
  51  8:09  Probe  
  52  8:21  Probe  
  53  8:33  Probe  
Show
View Real Time Build Order
Export as new Build Order

Massa Terran - Winner!

Build Orders:  

Get SALT Encoding   

  12  0:11  Supply Depot  
  12  0:13  SCV  
  13  0:26  SCV  
  14  0:33  Barracks  
  14  0:38  SCV  
  15  0:49  Supply Depot  
  15  0:50  SCV  
  16  1:03  SCV  
  17  1:08  Refinery  
  17  1:15  SCV  
  18  1:21  Marine  
  19  1:39  Marine  
  20  1:57  Marine  
  20  2:01  Barracks  
  21  2:02  Barracks  
  21  2:03  Barracks  
  21  2:11  Supply Depot  
  21  2:15  Marine  
  22  2:17  SCV  
  23  2:30  SCV  
  23  2:51  Factory  
  23  2:53  Barracks Tech Lab x2  
  23  2:55  Marine  
  24  3:13  SCV, Marine  
  24  3:17  Command Center  
  26  3:36  Factory Tech Lab  
  26  3:38  Barracks Reactor  
  26  3:43  Orbital Command  
  26  3:50  Supply Depot  
  26  3:53  Marauder x2  
  30  4:08  Siege Tank  
  33  4:13  Refinery  
  33  4:14  Marine  
  34  4:18  Marauder, Marine  
  37  4:37  Marauder, Marine x2  
  41  4:39  Marauder  
  41  4:43  SCV  
  41  4:44  SCV  
  45  4:54  Marine  
  45  4:55  Marine  
  45  4:59  SCV  
  49  5:00  SCV  
  49  5:04  Stimpack  
  49  5:12  SCV x2  
  51  5:19  Engineering Bay  
  50  5:46  Supply Depot  
  40  6:06  Marauder x2  
  40  6:07  Marine x2  
  45  6:24  Marine  
  45  6:25  Marine  
  47  6:28  Marauder x2  
  51  6:40  Missile Turret  
  51  6:42  Marine  
  51  6:49  Marauder x2  
  51  6:51  Concussive Shells  
  55  7:00  Missile Turret  
  55  7:10  Marauder x2  
  55  7:13  Marine x2  
  61  7:19  Missile Turret  
  61  7:25  Siege Tank  
  64  7:31  Marine x2  
  64  7:32  Marauder x2  
  64  7:39  Missile Turret  
  61  7:48  Marine  
  61  7:49  Marine  
  63  7:53  Marauder x2  
  61  8:06  Marine x2  
  62  8:14  Marauder  
  62  8:15  Marauder  
  65  8:24  Marine  
  62  8:27  Marine  
Show
View Real Time Build Order
Export as new Build Order

wanou Protoss 

Build Orders:  

Get SALT Encoding   

  12  0:01  Probe  
  13  0:15  Pylon  
  13  0:19  Probe  
  14  0:34  Gateway  
  14  0:40  Probe, Assimilator  
  15  0:54  Probe  
  16  0:57  Gateway  
  16  1:06  Probe  
  17  1:18  Probe  
  18  1:31  Probe, Assimilator  
  19  1:37  Cybernetics Core  
  19  1:43  Probe  
  20  1:55  Probe  
  21  2:06  Nexus  
  21  2:07  Probe  
  22  2:21  Pylon  
  22  2:24  Probe  
  23  2:30  Adept x2  
  23  2:39  Probe  
  28  2:52  Probe  
  28  2:53  Robotics Facility  
  29  3:04  Probe  
  30  3:14  Pylon  
  30  3:16  Probe  
  30  3:18  Stalker x2  
  35  3:20  Robotics Facility  
  35  3:25  Probe  
  36  3:28  Probe  
  37  3:36  Pylon  
  37  3:37  Probe  
  36  4:14  Stalker x2  
  36  4:18  Warp Prism  
  36  4:19  Immortal  
  44  4:37  Assimilator  
  44  4:39  Probe, Assimilator  
  44  4:41  Probe  
  44  4:43  Zealot, Pylon  
  48  4:46  Warp Gate  
  48  4:47  Probe  
  49  4:54  Probe  
  49  4:57  Probe  
  49  4:59  Shield Battery  
  51  5:00  Shield Battery  
  51  5:06  Probe  
  52  5:08  Immortal  
  52  5:09  Probe  
  57  5:18  Probe  
  57  5:19  Twilight Council  
  57  5:21  Probe  
  59  5:33  Forge  
  53  5:58  Zealot, Stalker  
  51  6:11  Immortal  
  51  6:19  Immortal  
  51  6:22  Charge  
  51  6:23  Stalker  
  57  6:28  Probe  
  58  6:39  Probe  
  59  6:40  Probe  
  60  6:48  Warp Prism  
  60  6:49  Immortal  
  60  6:50  Stalker  
  66  7:06  Stalker  
  68  7:20  Stalker  
  70  7:26  Gateway  
  70  7:27  Gateway  
  70  7:28  Pylon  
  70  7:29  Pylon  
  70  7:31  Pylon  
  70  7:33  Pylon  
  70  7:36  Pylon  
  70  7:39  Probe x2  
  70  7:40  Immortal x2  
  70  7:45  Stalker x2  
  78  7:51  Probe  
  65  8:12  Stalker x2  
  55  8:23  Stalker x2  
  61  8:35  Stalker  
  61  8:37  Probe  
Show
View Real Time Build Order
Export as new Build Order

borghur Protoss 

Build Orders: Cannon Rush 

Get SALT Encoding   

  12  0:03  Probe  
  13  0:14  Pylon  
  13  0:18  Probe  
  14  0:30  Probe  
  15  0:37  Forge  
  15  0:44  Probe  
  16  0:56  Probe  
  17  1:02  Pylon  
  17  1:08  Probe  
  18  1:21  Probe  
  18  1:22  Photon Cannon  
  19  1:27  Photon Cannon  
  19  1:33  Probe  
  19  1:34  Pylon  
  20  1:44  Photon Cannon  
  20  1:54  Gateway  
  20  2:10  Pylon  
  20  2:38  Gateway  
  20  2:42  Assimilator  
  20  2:46  Assimilator  
  20  2:56  Pylon  
  20  3:05  Nexus  
  20  3:07  Assimilator  
  20  3:08  Probe, Assimilator  
  20  3:11  Pylon x2  
  21  3:16  Probe  
  21  3:24  Probe  
  23  3:35  Probe  
  24  3:48  Probe  
  25  4:00  Probe  
  25  4:01  Cybernetics Core  
  26  4:03  Gateway  
  26  4:12  Probe, Gateway  
  27  4:20  Probe  
  29  4:24  Probe  
  29  4:28  Photon Cannon  
  29  4:30  Probe  
  29  4:36  Probe  
  31  4:38  Probe  
  32  4:47  Probe  
  32  4:48  Probe  
  34  4:59  Probe  
  35  5:00  Probe  
  36  5:09  Stargate  
  36  5:10  Stargate  
  36  5:12  Probe  
  37  5:19  Probe  
  38  5:24  Probe  
  39  5:31  Probe  
  39  5:36  Probe  
Tags
 
Add a new tag
Caveats
  • Supply blocks, unpowered buildings, or Contaminate may cause inaccurate times.
  • Supply counts are checked every 10 seconds.